 Dungeon Crawl Stone Soup version 0.31.0-32-g396128a36d (webtiles) character file.

Game seed: 8931920891925369402

23706 chippings the Mimic (level 12, -10/101 HPs)
             Began as a White Draconian Wanderer on Mar 26, 2024.
             Was an Initiate of Gozag.
             Mangled by a hornet (13 damage)
             ... on level 3 of the Lair of Beasts.
             The game lasted 00:44:32 (17497 turns).

chippings the Mimic (White Draconian Wanderer)     Turns: 17497, Time: 00:44:32

Health: -10/101    AC:  8    Str: 15    XL:     12   Next: 74%
Magic:  0/18       EV: 11    Int: 20    God:    Gozag
Gold:   2743       SH:  0    Dex: 10    Spells: 11/19 levels left

rFire   . .          .
                       - Unarmed
rCold   + . .        a - melded +0 buckler {rC+}
rNeg    + . .        (body armour unavailable)
rPois   .            (helmet restricted)
rElec   .            (no cloak)
rCorr   .            (gloves currently unavailable)
SInv    .            (no boots)
Will    .....        f - amulet of guardian spirit
Stlth   ++           J - ring of positive energy
HPRegen 0.36/turn    (no ring)
MPRegen 0.16/turn

%: guardian spirit
@: blade hands, slowed, very slow
A: breathe frost, AC +8, unfitting armour, cold resistance 1, cold-blooded,
talons 1, clever 1
a: Breathe Frost, Begin Untransformation, Renounce Religion, Potion Petition,
Call Merchant, Bribe Branch


You were on level 3 of the Lair of Beasts.
You worshipped Gozag.
Gozag was most pleased with you.
You had blades for hands.
You visited 2 branches of the dungeon, and saw 14 of its levels.

You collected 3014 gold pieces.
You spent 36 gold pieces at shops.
You paid 235 gold pieces to Gozag.

Inventory:

Missiles
 e - 10 boomerangs
 o - 62 poisoned darts
 x - 8 javelins (quivered)
 D - 2 throwing nets
Armour
 a - a +0 buckler of cold resistance (melded)
Jewellery
 f - an amulet of guardian spirit (around neck)
 z - an amulet of reflection
 G - a ring of fire
 J - a ring of positive energy (left blade hand)
Talismans
 b - a flux talisman
 r - a talisman of death
 u - a blade talisman (active)
Wands
 d - a wand of digging (1)
 F - a wand of paralysis (9)
 I - a wand of roots (2)
 P - a wand of polymorph (4)
 Q - a wand of flame (4)
Scrolls
 c - 2 scrolls of torment {unknown}
 g - 2 scrolls of fear
 i - 2 scrolls of fog
 l - 7 scrolls of teleportation
 m - 7 scrolls of enchant weapon {unknown}
 n - a scroll of vulnerability
 q - 4 scrolls of silence {unknown}
 s - 8 scrolls of enchant armour {unknown}
 v - 2 scrolls of revelation {unknown}
 y - 3 scrolls of blinking {unknown}
 H - a scroll of noise {unknown}
 K - a scroll of acquirement {unknown}
 L - 4 scrolls of identify
 M - a scroll of poison {unknown}
 O - a scroll of butterflies {unknown}
Potions
 h - 3 potions of ambrosia
 j - 2 potions of attraction
 k - 3 potions of heal wounds
 p - 3 potions of cancellation
 t - 3 potions of might {unknown}
 w - 4 potions of invisibility
 A - 4 potions of curing
 B - 2 potions of enlightenment
 C - 3 potions of mutation
 N - 3 potions of haste {unknown}
Miscellaneous
 E - a phantom mirror
 R - a phial of floods


   Skills:
 - Level 8.0 Fighting
 - Level 6.0 Long Blades
 - Level 1.0 Maces & Flails
 - Level 2.0 Throwing
 - Level 4.0 Stealth
 - Level 4.0 Shields
 + Level 10.6 Unarmed Combat
 - Level 4.0 Spellcasting
 + Level 4.5 Conjurations
 + Level 8.2 Ice Magic
 + Level 4.5 Air Magic
 - Level 4.0 Evocations
 + Level 10.7 Shapeshifting


You had 11 spell levels left.
You knew the following spells:

 Your Spells              Type           Power      Damage    Failure   Level
a - Ozocubu's Armour      Ice            37%        N/A       1%          3
b - Freezing Cloud        Conj/Ice/Air   13%        6-21      32%         5

Your spell library contained the following spells:

 Spells                   Type           Power      Damage    Failure   Level
 Freeze                   Ice            100%       1d10      1%          1
 Frozen Ramparts          Ice            74%        1d12      1%          3
 Hailstorm                Conj/Ice       29%        3d8       2%          3
 Ensorcelled Hibernation  Hex/Ice        40%        N/A       3%          2
 Cigotuvi's Dreadful Rot  Necr/Alch/Air  20%        N/A       11%         2
 Slow                     Hex            16%        N/A       13%         1
 Summon Small Mammal      Summ           16%        N/A       13%         1
 Call Canine Familiar     Summ           4%         N/A       36%         3
 Confusing Touch          Hex            4%         N/A       36%         3
 Fugue of the Fallen      Necr           4%         N/A       36%         3
 Sigil of Binding         Hex            4%         N/A       36%         3
 Vampiric Draining        Necr           4%         2d6       36%         3
 Volatile Blastmotes      Fire/Tloc      8%         2d10      36%         3
 Fulminant Prism          Conj/Alch      6%         3d6       45%         4
 Iskenderun's Mystic Bla  Conj/Tloc      13%        2d5       45%         4
 Anguish                  Hex/Necr       2%         N/A       77%         4
 Ignite Poison            Fire/Alch      4%         N/A       77%         4
 Manifold Assault         Tloc           4%         N/A       77%         4
 Summon Blazeheart Golem  Fire/Summ      4%         N/A       77%         4
 Orb of Destruction       Conj           11%        9d6       100%        7
 Spellforged Servitor     Conj/Summ      6%         N/A       100%        7


Dungeon Overview and Level Annotations

Branches:
Dungeon (11/15)            Temple (0/1) D:7            Lair (3/5) D:11
  Swamp (0/4) Lair:3       Spider (0/4) Lair:3          Orc (0/2) D:11

Altars:
Ashenzari
Fedhas
Gozag
Nemelex Xobeh
Qazlal
Sif Muna
Trog
Uskayaw
Wu Jian
Yredelemnul
Zin
The Shining One
Lugonu

Shops:
D:2 *   D:4 :   D:11 (

Annotations:
D:11 2 transporters


Innate Abilities, Weirdness & Mutations

You have blades for hands.
You are incapable of wielding weapons or throwing items.
You can breathe waves of freezing cold which knock back foes.
Your icy white scales are hard. (AC +8)
You cannot fit into any form of body armour.
Your flesh is cold resistant. (rC+)
You are cold-blooded and may be slowed by cold attacks.
You have sharp toenails.
Your mind is acute. (Int +4, Str/Dex -1)


Message History

The hornet stings you.
* * * LOW HITPOINT WARNING * * *
You are lethally poisoned!
You feel as though you will be slow longer.
You can move again.
You feel better. The hornet misses you.
The hornet closely misses you. [a] - 115 gold - heal wounds [b] - 230 gold - haste [c] - 504 gold - resistance, might and haste Purchase which effect?
You feel much better. The hornet stings you!
* * * LOW HITPOINT WARNING * * *
You feel as though you will be slow longer.
The hornet closely misses you.
Aiming: Paralyse
Press: ? - help, Shift-Dir - straight line, f/p - hornet
Aim: a hornet (moderately wounded, chance to affect: 50%)
The hornet resists with some effort.
The hornet stings you!
* * * LOW HITPOINT WARNING * * *
You suddenly lose the ability to move!
The hornet stings you but does no damage.
You can move again.
Aiming: Paralyse
Press: ? - help, Shift-Dir - straight line, f/p - hornet
Aim: a hornet (moderately wounded, chance to affect: 50%)
The hornet resists with some effort.
The hornet stings you.
* * * LOW HITPOINT WARNING * * *
You shrug off the repeated paralysis!
The hornet barely misses you. The hornet stings you.
* * * LOW HITPOINT WARNING * * *
You feel as though you will be slow longer.
Aiming: Paralyse
Press: ? - help, Shift-Dir - straight line, f/p - hornet
Aim: a hornet (moderately wounded, chance to affect: 50%)
The hornet resists with some effort.
The hornet stings you.
* * * LOW HITPOINT WARNING * * *
You feel as though you will be slow longer.
The hornet stings you!
You die...
Your body crumbles into a pile of gold.

#................# #......
##..........P....## #### ##.....
##................##.#.P###......
#................## ♣............
#...P##..........#♣♣♣............
##...###.........♣♣~~♣♣♣♣.##.....
#...# #.........♣♣~~~P♣♣♣.....##
#..## ##......$...♣PP~P♣♣♣♣..##
##.<####........@y.♣PP~~~♣ ♣..#
#....P#.......###..♣♣~Pl§♣ ♣...
##.................♣♣♣P§§y♣♣..##
##..................♣♣♣♣§§♣♣..#
#...............[....♣ ♣♣♣♣..#
#....................#♣♣♣♣♣♣..###
.#...........#.......'........P.#
#............#.......#...........
##...................#...........


You could see a hornet.

Vanquished Creatures
  Snorg (D:11)
  Fannar (Lair:2)
  An alligator (Lair:3)
  2 death yaks (D:11)
  2 two-headed ogres
  2 skysharks
  An orb spider (Lair:3)
  Pikel (D:5)
  An ugly thing (D:10)
  A cyclops (D:11)
  A black mamba (Lair:3)
  5 cane toads
  2 komodo dragons (Lair:1)
  A troll (D:10)
  2 hornets
  3 polar bears
  3 blink frogs (Lair:3)
  Sigmund (D:6)
  19 yaks
  3 wyverns
  2 basilisks
  3 wraiths
  A vampire (D:10)
  A steam dragon (D:8)
  An acid dragon (D:11)
  13 water moccasins
  An ice beast (D:8)
  2 black bears
  10 orc warriors
  4 ogres (D:7)
  3 centaurs
  10 wolves
  A lemure (D:5)
  6 kobold brigands
  12 bullfrogs
  2 gnoll sergeants
  4 scorpions
  10 wights
  5 killer bees (D:9)
  An electric eel (Lair:1)
  5 howler monkeys
  3 bombardier beetles
  10 hounds
  8 orc priests
  3 jellies
  6 gnoll boudas
  4 iguanas (D:5)
  7 orc wizards
  Natasha (thrice) (D:4)
  A hell rat (D:11)
  5 adders
  32 gnolls
  A river rat (D:11)
  A white imp (D:5)
  4 ufetubi (D:5)
  2 dart slugs
  6 ribbon worms
  38 orcs
  11 endoplasms
  5 giant cockroaches
  5 hobgoblins
  11 jackals
  5 quokkas
  6 ball pythons
  3 bats
  5 frilled lizards
  4 goblins
  18 kobolds
  7 rats
364 creatures vanquished.

Vanquished Creatures (others)
  An orc wizard (D:11)
1 creature vanquished.

Grand Total: 365 creatures vanquished

Notes
Turn   | Place    | Note
-------+----------+-------------------------------------------
     0 | D:1      | chippings the Draconian Wanderer began the quest for the
                  | Orb.
     0 | D:1      | chippings set off with the following items: a +2 falchion,
                  | a +0 mace, a +0 buckler, a potion of berserk rage.
     0 | D:1      | Reached XP level 1. HP: 14/14 MP: 1/1
   243 | D:1      | Reached XP level 2. HP: 20/22 MP: 2/2
   249 | D:1      | Reached skill level 1 in Fighting
   501 | D:1      | Reached XP level 3. HP: 15/28 MP: 3/3
   977 | D:2      | Gained mutation: Your mind is acute. (Int +4, Str/Dex -1)
                  | [potion of mutation]
   977 | D:2      | Gained mutation: You have sharp toenails. [potion of
                  | mutation]
   978 | D:2      | HP: 1/29 [gnoll/+0 flail (1)]
   986 | D:2      | Reached XP level 4. HP: 10/36 MP: 4/4
  1157 | D:2      | Found a hide-covered altar of Uskayaw.
  1237 | D:2      | Found Urusiv's General Store.
  1245 | D:2      | Bought a potion of degeneration for 12 gold pieces
  1245 | D:2      | Bought a scroll of identify for 24 gold pieces
  1569 | D:2      | Found a faded altar of an unknown god.
  1833 | D:3      | Found a basalt altar of Yredelemnul.
  2524 | D:4      | Found Epunk's Vocational Training.
  2537 | D:3      | Reached XP level 5. HP: 39/44 MP: 5/5
  2590 | D:4      | Reached skill level 1 in Unarmed Combat
  2590 | D:4      | Reached skill level 1 in Shapeshifting
  2606 | D:4      | Reached XP level 6. HP: 25/51 MP: 4/6
  3342 | D:4      | Noticed Natasha
  3351 | D:4      | Killed Natasha
  3454 | D:4      | Noticed Natasha
  3463 | D:4      | Killed Natasha
  3526 | D:4      | Noticed Natasha
  3536 | D:4      | Killed Natasha
  3704 | D:5      | Entered Level 5 of the Dungeon
  3720 | D:5      | Your scales start taking on an icy white colour.
  3720 | D:5      | Reached XP level 7. HP: 32/59 MP: 5/7
  3720 | D:5      | Gained mutation: Your flesh is cold resistant. (rC+) [White
                  | Draconian growth]
  3791 | D:5      | Found a broken altar of Ashenzari.
  3792 | D:5      | Found a bloodstained altar of Trog.
  4499 | D:6      | Reached skill level 5 in Fighting
  4575 | D:6      | Noticed Sigmund
  4652 | D:5      | Found a glowing silver altar of Zin.
  4706 | D:5      | Reached XP level 8. HP: 68/68 MP: 8/8
  4712 | D:5      | Noticed Pikel
  4950 | D:5      | Killed Pikel
  4951 | D:5      | Reached skill level 5 in Unarmed Combat
  5217 | D:5      | Found an ornate altar of the Wu Jian Council.
  5302 | D:5      | Found an opulent altar of Gozag.
  5310 | D:5      | Became a worshipper of Gozag Ym Sagoz the Greedy
  5888 | D:6      | Reached skill level 5 in Shapeshifting
  5970 | D:6      | Killed Sigmund
  6036 | D:6      | Reached XP level 9. HP: 71/79 MP: 9/9
  6551 | D:7      | Found a glowing golden altar of the Shining One.
  6889 | D:7      | Found a staircase to the Ecumenical Temple.
  7191 | D:7      | Learned a level 3 spell: Ozocubu's Armour
  7231 | D:7      | Reached skill level 1 in Ice Magic
  7608 | D:7      | Learned a level 5 spell: Freezing Cloud
  7821 | D:7      | Found a stormy altar of Qazlal.
  8640 | D:8      | Reached XP level 10. HP: 32/88 MP: 5/10
  9176 | D:8      | Found a shimmering blue altar of Sif Muna.
 10164 | D:9      | Reached skill level 1 in Spellcasting
 10336 | D:9      | Reached skill level 1 in Evocations
 10938 | D:9      | Found a blossoming altar of Fedhas.
 11050 | D:10     | Entered Level 10 of the Dungeon
 11330 | D:10     | Noticed a two-headed ogre
 11344 | D:10     | Killed a two-headed ogre
 11365 | D:10     | Noticed a cyan ugly thing
 11382 | D:10     | Killed a white ugly thing
 11383 | D:10     | Reached skill level 1 in Stealth
 11383 | D:10     | Reached skill level 5 in Ice Magic
 11795 | D:10     | Found a sparkling altar of Nemelex Xobeh.
 11899 | D:9      | Reached XP level 11. HP: 62/94 MP: 8/15
 12112 | D:11     | Found a corrupted altar of Lugonu.
 12114 | D:11     | Found a transporter.
 12116 | D:11     | Noticed Snorg
 12144 | D:11     | Noticed a two-headed ogre
 12165 | D:11     | Killed a two-headed ogre
 12654 | D:11     | Noticed a death yak
 12665 | D:11     | Found a staircase to the Orcish Mines.
 12667 | D:11     | Found Nusiuca's Weapon Shoppe.
 12686 | D:11     | Noticed a death yak
 12688 | D:11     | Killed a death yak
 12691 | D:11     | Noticed a death yak
 12747 | D:11     | Killed a death yak
 12964 | D:11     | Found a staircase to the Lair.
 13039 | D:11     | Found a transporter.
 13041 | D:11     | Noticed a brown very ugly thing
 13347 | D:11     | Killed Snorg
 13348 | D:11     | Reached skill level 1 in Conjurations
 13348 | D:11     | Reached skill level 1 in Air Magic
 13373 | Lair:1   | Entered Level 1 of the Lair of Beasts
 14229 | Lair:1   | Reached XP level 12. HP: 85/101 MP: 13/18
 14671 | Lair:2   | Reached skill level 10 in Unarmed Combat
 14975 | Lair:2   | Reached skill level 10 in Shapeshifting
 15085 | Lair:2   | Identified the +6 flail of Doxiler {drain, rF++ rN+}
 15092 | Lair:2   | Noticed Fannar
 15112 | Lair:2   | Killed Fannar
 15112 | Lair:2   | HP: 4/101 [water moccasin (4)]
 15427 | Lair:2   | Noticed a catoblepas
 17362 | Lair:3   | Found a hole to the Spider Nest.
 17462 | Lair:3   | Found a staircase to the Swamp.
 17462 | Lair:3   | Noticed an alligator
 17468 | Lair:3   | Identified the +3 scale mail of Tuqa {rC+ Str+5 Int-3}
 17485 | Lair:3   | Killed an alligator
 17490 | Lair:3   | Paralysed by a hornet for 3 turns
 17492 | Lair:3   | HP: 5/101 [hornet (3)]
 17495 | Lair:3   | Paralysed by a hornet for 1 turns
 17497 | Lair:3   | HP: 3/101 [hornet (6)]
 17497 | Lair:3   | Mangled by a hornet

Illustrated notes

Levels and vault maps discovered:
D:1:      dpeg_arrival_snail, layout_basic, minmay_pentomino_x2
D:2:      layout_basic, serial_shops, shop, basic_altar,
          shapermc_ecumenical_altar_mp_vishouse
D:3:      layout_loops_cross, marbit_many_paths, serial_bayou_pond_b
D:4:      layout_basic, hangedman_decor_peaks_small, nicolae_shop_vocational,
          uniq_natasha
D:5:      layout_basic, pdpol_temple_overflow_zin_treasury_gozag_greed,
          nzn_wu_jian_council_hall, jmf_multi_god_temple, uniq_pikel
D:6:      layout_gridville, uniq_sigmund
D:7:      kennysheep_seaside_town, layout_loops_corners, grunt_qazlal_clouds,
          mainiacjoe_overflow_24_doors, minmay_temple_entry_antechambers
D:8:      layout_basic, lemuel_doored_altar
D:9:      layout_stronghold, mainiacjoe_overflow_alcove_1
D:10:     layout_cave_pools, lemuel_tele_altar, grunt_decor_one_mirror,
          eino_tiny_chamber
D:11:     gammafunk_corrupted_shrine, layout_irregular_city, dpeg_lair_monsters,
          orc_david_3, library_closet, uniq_snorg
Lair:1:   layout_gridlike, beast_lair_carwin_5, serial_bayou_shore_a
Lair:2:   layout_cave_pods, uniq_fannar
Lair:3:   layout_chaotic_city, mainiacjoe_swamp_entry_lozenge_pond,
          nicolae_spider_entry_orb_guardian

Skill      XL: |  1  2  3  4  5  6  7  8  9 10 11 12 |
---------------+-------------------------------------+-----
Throwing       | 2 |  2.0
Fighting       | 1 2 3 4 5 7 8 |  8.0
Shields        | 3 4 |  4.0
Unarmed Combat | 1 2 3 5 8 9 10 | 10.6
Shapeshifting  | 1 2 3 5 6 8 9 10 | 10.7
Long Blades    | 6 |  6.0
Ice Magic      | 3 5 6 8 |  8.2
Spellcasting   | 3 4 |  4.0
Evocations     | 3 4 |  4.0
Stealth        | 1 4 |  4.0
Conjurations   | 2 4 |  4.5
Air Magic      | 2 4 |  4.5
Maces & Flails | |  1.0

Action                     |  1- 3 |  4- 6 |  7- 9 | 10-12 || total
---------------------------+-------+-------+-------+-------++-------
  Melee: Falchion          |    60 |   190 |   240 |       ||   490
         Tailslap          |     7 |    16 |    78 |   103 ||   204
         Kick              |     2 |    48 |   131 |   194 ||   375
         Unarmed           |       |       |   165 |   636 ||   801
         Punch             |       |       |       |    18 ||    18
  Throw: Javelin           |       |     2 |     4 |       ||     6
         Dart              |       |       |     6 |       ||     6
   Cast: Ozocubu's Armour  |       |       |       |    30 ||    30
 Invoke: Potion Petition   |       |       |       |     1 ||     1
Ability: Begin Untransform |       |     1 |     2 |     1 ||     4
         Breathe Frost     |       |       |    13 |    17 ||    30
  Evoke: Wand              |       |       |       |    16 ||    16
    Use: Potion            |     3 |       |     1 |     4 ||     8
         Scroll            |       |     5 |     4 |     6 ||    15
   Stab: Sleeping          |     1 |       |     1 |     4 ||     6
         Distracted        |       |       |     1 |     2 ||     3
         Paralysed         |       |       |       |     9 ||     9
         Invisible         |       |       |       |     3 ||     3
 Armour: Skin              |    32 |   105 |   262 |   487 ||   886
  Dodge: Dodged            |    27 |    72 |   219 |   401 ||   719
  Block: Buckler           |    10 |    31 |    75 |       ||   116
   Form: Death             |       |     1 |       |       ||     1
         Flux              |       |       |     2 |     2 ||     4
         Blade             |       |       |     1 |     3 ||     4
